 Dungeon Crawl Stone Soup version 0.25-a0-842-g81a31cfd23 (console) character file.

Game seed: 9887695759569806350, levelgen mode: classic

34608 Duffy the Summoner (level 13, -4/117 HPs)
             Began as a Naga Summoner on Apr 24, 2020.
             Was a High Priest of Sif Muna.
             Slain by an ettin
             ... wielding a +0 dire flail
              (12 damage)
             ... on level 2 of the Orcish Mines.
             The game lasted 00:44:52 (28907 turns).

Duffy the Summoner (Naga Summoner)                 Turns: 28907, Time: 00:44:52

Health: -4/117     AC: 20    Str:  5    XL:     13   Next: 78%
Magic:  24/24      EV: 12    Int: 27    God:    Sif Muna [*****.]
Gold:   3875       SH:  0    Dex: 12    Spells: 18/31 levels left

rFire    . . .     SeeInvis +   b - +8 spear (venom)
rCold    . . .     Gourm    +   (no shield)
rNeg     . . .     Faith    .   A - +1 robe "Depreabupoa" {rCorr Str-5 Int+8}
rPois    +         Spirit   .   r - +0 helmet
rElec    .         Reflect  .   s - +0 cloak
rCorr    +         Harm     .   y - +2 pair of gloves {archery}
MR       +....     Clarity  +   u - +2 naga barding
Stlth    ++........             q - amulet of the gourmand
HPRegen  0.29/turn              O - +2 ring of evasion
MPRegen  0.19/turn              F - +2 ring of slaying

@: very slow
A: large, claws 1, stinger 1, see invisible, clarity, deformed body, dopey 1,
low mp 1, poison resistance, slowness 2, slow metabolism 1, spit poison 1,
constrict 1, AC +4
a: Spit Poison, Channel Magic, Forget Spell, Divine Exegesis, Renounce Religion


You were on level 2 of the Orcish Mines.
You worshipped Sif Muna.
Sif Muna was extremely pleased with you.
You were completely stuffed.

You visited 3 branches of the dungeon, and saw 18 of its levels.

You collected 4287 gold pieces.
You spent 412 gold pieces at shops.

Inventory:

Hand Weapons
 a - a +2 demon trident
 b - a +8 spear of venom (weapon)
Missiles
 I - 7 curare-tipped darts (quivered)
Armour
 k - a scarf of cloud immunity
 r - a +0 helmet (worn)
 s - a +0 cloak (worn)
 u - a +2 naga barding (worn)
 y - a +2 pair of gloves of archery (worn)
 A - the +1 robe "Depreabupoa" (worn) {rCorr Str-5 Int+8}
   (You found it on level 10 of the Dungeon)

   It affects your strength (-5).
   It affects your intelligence (+8).
   It provides partial protection from all sources of acid and corrosion.
 G - a +2 robe of magic resistance
Magical Staves
 J - an uncursed staff of wizardry {!a}
Jewellery
 q - an amulet of the gourmand (around neck)
 B - an uncursed ring of protection from cold
 F - a +2 ring of slaying (right hand)
 H - an uncursed amulet of magic regeneration
 M - the ring of Gaohaesh {Fire Dex+4}
   (You found it on level 4 of the Lair of Beasts)

   [ring of fire]

   It enhances your fire magic.
   It affects your dexterity (+4).
   It protects you from fire.
   It makes you vulnerable to cold.
 O - a +2 ring of evasion (left hand)
Wands
 i - a wand of scattershot (4)
 o - a wand of disintegration (5)
 t - a wand of enslavement (5)
 x - a wand of paralysis (4)
Scrolls
 g - 5 scrolls of amnesia
 j - 6 scrolls of teleportation
 n - 5 scrolls of remove curse
 w - 4 scrolls of fear
 K - 3 scrolls of magic mapping
 L - a scroll of enchant armour
 P - 2 scrolls of blinking
 Q - 3 scrolls of identify
 S - a scroll of immolation
Potions
 d - 7 potions of curing
 e - 6 potions of lignification
 f - a potion of ambrosia
 h - 2 potions of berserk rage
 l - a potion of magic
 m - a potion of flight
 p - 3 potions of cancellation
 v - a potion of heal wounds
 z - 3 potions of might
 C - a potion of invisibility
 N - a potion of haste
 R - a potion of mutation
Miscellaneous
 E - a phial of floods
 T - a phantom mirror
Comestibles
 c - 36 rations
 D - 6 chunks of flesh


   Skills:
 - Level 8.0 Fighting
 - Level 8.0 Polearms
 + Level 7.8 Armour
 - Level 5.1 Dodging
 - Level 3.0 Stealth
 + Level 9.9 Spellcasting
 - Level 10.0 Summonings
 - Level 4.0 Ice Magic
 - Level 4.0 Air Magic
 - Level 8.5 Invocations
 - Level 4.0 Evocations


You had 18 spell levels left.
You knew the following spells:

 Your Spells              Type           Power        Failure   Level  Hunger
h - Call Canine Familiar  Summ           ######..     1%          3    None
j - Summon Ice Beast      Ice/Summ       ######..     2%          4    None
k - Call Imp              Summ           ######..     1%          2    None
l - Summon Lightning Spi  Summ/Air       ######..     2%          4    None

Your spell library contained the following spells:

 Spells                   Type           Power        Failure   Level  Hunger
 Shock                    Conj/Air       ###.         1%          1    None
 Summon Small Mammal      Summ           ####         1%          1    None
 Summon Guardian Golem    Hex/Summ       #####...     1%          3    None
 Ensorcelled Hibernation  Hex/Ice        ###...       3%          2    None
 Poisonous Vapours        Pois/Air       ###...       3%          2    None
 Swiftness                Chrm/Air       ###.....     3%          2    None
 Corona                   Hex            ##.....      4%          1    None
 Foxfire                  Conj/Fire      ##..         4%          1    None
 Sting                    Tmut/Pois      ##..         4%          1    None
 Static Discharge         Conj/Air       ###.....     6%          3    None
 Passwall                 Tmut/Erth      ##......     7%          2    None
 Mephitic Cloud           Conj/Pois/Air  ###.....     8%          3    None
 Airstrike                Air            #####.....   9%          4    None
 Confusing Touch          Hex            ##......     13%         3    None
 Dazzling Flash           Conj/Hex       ##....       13%         3    None
 Gell's Gravitas          Tloc           ##........   13%         3    None
 Ignite Poison            Fire/Tmut/Pois ##......     13%         3    None
 Tukima's Dance           Hex            ##......     13%         3    None
 Olgreb's Toxic Radiance  Pois           ##......     41%         4    None
 Passage of Golubria      Tloc           N/A          41%         4    None
 Petrify                  Tmut/Erth      ##......     41%         4    None
 Sticky Flame             Conj/Fire      ##......     41%         4    None
 Lightning Bolt           Conj/Air       ###.......   47%         5    ####...
 Metabolic Englaciation   Hex/Ice        ###.......   47%         5    ####...
 Lee's Rapid Deconstruct  Erth           ##........   77%         5    ####...
 Yara's Violent Unravell  Hex/Tmut       ##........   77%         5    ####...
 Darkness                 Hex            ##........   100%        6    #####..
 Invisibility             Hex            ##......     100%        6    #####..
 Chain Lightning          Conj/Air       ###.......   100%        8    #######
 Ignition                 Fire           ##........   100%        8    #######


Dungeon Overview and Level Annotations

Branches:
Dungeon (10/15)            Temple (0/1) D:7            Lair (6/6) D:10
  Swamp (0/4) Lair:2        Snake (0/4) Lair:2        Slime (0/5) Lair:6
    Orc (2/2) D:10            Elf (0/3) Orc:2

Altars:
Ashenzari
Cheibriados
Fedhas
Gozag
Okawaru
Qazlal
Sif Muna
Xom
Yredelemnul
Zin

Shops:
D:4 *(   D:5 =   D:7 (

Annotations:
D:8 2 transporters, monokles's ghost, novice FoFi
D:10 dig
Lair:2 3 runed translucent doors, Gastronok; Suethroe's ghost, journeyman KoBe


Innate Abilities, Weirdness & Mutations

You cannot wear boots.
Your serpentine skin is tough. (AC +4)
You have supernaturally acute eyesight. (SInv)
Armour fits poorly on your strangely shaped body.
Your system is resistant to poisons. (rPois)
You cover ground very slowly.
You have a slow metabolism.
You can spit poison.
You can use your snake-like lower body to constrict enemies.
You have sharp fingernails.
Your tail ends in a poisonous barb.
You possess an exceptional clarity of mind.
You are dopey. (Int -2)
Your magical capacity is low. (-10% MP)


Message History

There is a stone staircase leading down, spattered with blood here.
You climb downwards.
The ettin hits you with a +0 dire flail.
The ettin hits you with a +0 dire flail!!
The cyclops throws a large rock.
The large rock hits you!
The ettin hits you with a +0 dire flail!! x2
There is a stone staircase leading up, spattered with blood here.
You see here 2 large rocks.
Evoke which item? (* to show all) (? for menu, Esc to quit)
Aiming: Scattershot
Press: ? - help, Shift-Dir - straight line, f - ettin
Aim: an ettin, wielding two +0 dire flails The burst of metal fragments hits the ettin. x2
The burst of metal fragments hits the ettin but does no damage. x3
The burst of metal fragments hits the ettin!
The burst of metal fragments hits the ettin but does no damage.
The burst of metal fragments hits the ettin.
The ettin is moderately wounded.
The ettin hits you with a +0 dire flail! x2
You die...

.#.......
.........
.........
........### #
....>..$..#.#
#..........
#........##
#.....@..#
#.#...C.......
#...#......$...
##. #..........
..$........
.....$......
##..#..C#....
###........#


You could see an ettin and a cyclops.

Vanquished Creatures
  3 hydras
  6 death yaks
  Urug (Lair:6)
  Sonja (Lair:2)
  A lindwurm (Lair:6)
  3 black mambas
  A centaur zombie (D:10)
  7 elephants
  2 spiny frogs
  2 rime drakes
  4 komodo dragons
  A polar bear (Lair:5)
  A troll (D:10)
  A hornet (D:8)
  A slime creature (Lair:6)
  Prince Ribbit (D:6)
  4 hippogriffs
  A blink frog (Lair:5)
  5 dream sheep
  A wyvern (Lair:4)
  A basilisk (Lair:5)
  18 yaks
  An insubstantial wisp (Lair:2)
  A naga (Lair:2)
  4 wargs
  9 water moccasins
  4 porcupines
  8 orc warriors
  An ice beast (D:10)
  3 black bears
  3 ogres
  2 centaurs
  7 wolves
  8 crocodiles
  3 bullfrogs
  4 scorpions
  An electric eel (Lair:3)
  2 crimson imps (D:6)
  A bullfrog zombie (D:5)
  A quasit (D:10)
  5 hounds
  A jelly (D:9)
  3 orc priests
  10 orc wizards
  2 iguanas
  5 worker ants
  A hound skeleton (D:4)
  2 gnolls (D:10)
  A howler monkey skeleton (D:10)
  4 adders
  A shadow imp (D:9)
  An ooze (D:8)
  An adder skeleton (D:5)
  2 dart slugs (D:1)
  A leopard gecko (D:4)
  13 orcs
  4 giant cockroaches
  5 goblins
  7 hobgoblins
  9 jackals
  2 quokkas
  5 bats
  A frilled lizard (D:4)
  9 kobolds
  8 rats
  A plant (Lair:6)
233 creatures vanquished.

Vanquished Creatures (collateral kills)
  A hydra (Lair:3)
  Erica (Lair:2)
  A catoblepas (Lair:6)
  A deep troll shaman (Lair:6)
  A centaur warrior (D:10)
  3 death yaks
  An orc knight (Orc:2)
  4 oklob plants (Lair:6)
  4 elephants
  A guardian serpent (D:10)
  A black mamba (Lair:6)
  2 rime drakes
  6 spiny frogs
  3 komodo dragons
  A troll (D:10)
  4 dream sheep
  2 slime creatures (Lair:6)
  2 blink frogs (Lair:5)
  2 hippogriffs
  22 yaks
  2 basilisks (Lair:3)
  5 insubstantial wisps (Lair:2)
  3 nagas (Lair:2)
  3 porcupines
  5 water moccasins
  A sky beast (D:9)
  7 orc warriors
  2 phantoms
  3 ogres
  An ice beast (D:10)
  3 wolves (Lair:1)
  3 centaurs
  4 crocodiles
  2 big kobolds (D:8)
  5 bullfrogs
  A gnoll sergeant (D:10)
  3 scorpions
  A howler monkey (D:6)
  A centaur zombie (D:6)
  5 jellies
  8 orc priests
  2 hounds
  11 orc wizards
  3 centaur skeletons
  An iguana (D:8)
  A hound skeleton (D:8)
  Robin (D:3)
  2 gnolls (D:10)
  3 adders
  5 oozes
  An adder zombie (D:8)
  2 dart slugs (D:1)
  3 leopard geckos
  29 orcs
  4 hobgoblins
  5 jackals
  2 bats
  A frilled lizard (D:1)
  8 goblins
  12 kobolds
  5 rats
  3 fungi
235 creatures vanquished.

Vanquished Creatures (others)
  14 fungi
  9 plants
23 creatures vanquished.

Grand Total: 491 creatures vanquished

Notes
Turn   | Place    | Note
-------+----------+-------------------------------------------
     0 | D:1      | Duffy the Naga Summoner began the quest for the Orb.
     0 | D:1      | Reached XP level 1. HP: 15/15 MP: 3/3
   166 | D:1      | Reached XP level 2. HP: 22/22 MP: 5/5
   589 | D:1      | Learned a level 2 spell: Call Imp
   918 | D:1      | Reached XP level 3. HP: 28/28 MP: 6/6
   923 | D:1      | Learned a level 3 spell: Call Canine Familiar
  2023 | D:2      | Reached XP level 4. HP: 35/36 MP: 4/8
  2176 | D:2      | You fall into a shaft and drop 1 floor!
  2201 | D:3      | Noticed Robin
  2210 | D:3      | Killed Robin
  2526 | D:2      | Reached skill level 5 in Summonings
  3464 | D:3      | Learned a level 4 spell: Summon Lightning Spire
  4266 | D:3      | Gained mutation: Your spells are a little easier to cast,
                  | but a little less powerful. [potion of mutation]
  4266 | D:3      | Gained mutation: You have sharp fingernails. [potion of
                  | mutation]
  4266 | D:3      | Gained mutation: Your tail ends in a poisonous barb.
                  | [potion of mutation]
  4321 | D:4      | Reached XP level 5. HP: 32/42 MP: 10/10
  4651 | D:4      | Found Lalaxtaq's Weapon Shoppe.
  4802 | D:4      | Reached skill level 1 in Evocations
  4983 | D:4      | Found Goreihoo's Lightly-Used Armoury.
  5040 | D:4      | Bought a -1 naga barding for 180 gold pieces
  5171 | D:5      | Entered Level 5 of the Dungeon
  5499 | D:5      | Reached XP level 6. HP: 38/49 MP: 7/12
  5690 | D:5      | Found a basalt altar of Yredelemnul.
  5692 | D:5      | Found a shimmering altar of Xom.
  5693 | D:5      | Found a snail-covered altar of Cheibriados.
  5868 | D:5      | Learned a level 4 spell: Summon Ice Beast
  5874 | D:5      | Noticed a water moccasin
  5876 | D:5      | Found Orreleani's Jewellery Boutique.
  5901 | D:5      | Killed a water moccasin
  5901 | D:5      | Reached skill level 6 in Summonings
  6062 | D:5      | Reached skill level 1 in Air Magic
  6062 | D:5      | Reached XP level 7. HP: 55/55 MP: 9/13
  6095 | D:4      | Bought a -3 demon trident for 1 gold piece
  6921 | D:6      | Reached skill level 5 in Spellcasting
  6999 | D:6      | Found a shimmering blue altar of Sif Muna.
  7006 | D:6      | Became a worshipper of Sif Muna the Loreminder
  7086 | D:6      | Noticed Prince Ribbit
  7322 | D:6      | Killed Prince Ribbit
  7322 | D:6      | Reached XP level 8. HP: 23/62 MP: 4/16
  7750 | D:6      | Reached skill level 7 in Summonings
  7886 | D:6      | Reached skill level 1 in Ice Magic
  8063 | D:7      | Found a staircase to the Ecumenical Temple.
  8329 | D:7      | Found Vuwomiwn's Weapon Emporium.
  8441 | D:7      | Found an iron altar of Okawaru.
  8502 | D:7      | Found a stormy altar of Qazlal.
  8504 | D:7      | Found a blossoming altar of Fedhas.
  8773 | D:8      | Noticed a hornet
  8912 | D:8      | Reached skill level 1 in Polearms
  9186 | D:8      | Lost mutation: Your spells are a little easier to cast, but
                  | a little less powerful. [potion of mutation]
  9186 | D:8      | Lost mutation: Your tail ends in a poisonous barb. [potion
                  | of mutation]
  9186 | D:8      | Gained mutation: Your magical capacity is low. (-10% MP)
                  | [potion of mutation]
  9186 | D:8      | Gained mutation: You possess an exceptional clarity of
                  | mind. [potion of mutation]
  9186 | D:8      | Gained mutation: You are dopey. (Int -2) [potion of
                  | mutation]
  9186 | D:8      | Gained mutation: Your tail ends in a poisonous barb.
                  | [potion of mutation]
  9220 | D:8      | Reached * piety under Sif Muna
  9490 | D:8      | Killed a hornet
  9734 | D:8      | Reached XP level 9. HP: 68/68 MP: 12/16
  9773 | D:8      | Identified the +0 scale mail of Qazlal's Wrath {rPois rF+
                  | Dex+2}
  9823 | D:8      | Found a transporter.
  9828 | D:8      | Found a transporter.
  9835 | D:8      | Noticed monokles's ghost (novice FoFi)
 10566 | D:9      | Reached skill level 8 in Summonings
 11454 | D:9      | Found a shattered altar of Ashenzari.
 11455 | D:9      | Found a glowing silver altar of Zin.
 11534 | D:10     | Entered Level 10 of the Dungeon
 11607 | D:10     | Found a staircase to the Lair.
 11845 | D:10     | Reached ** piety under Sif Muna
 11855 | D:10     | Reached skill level 5 in Polearms
 12127 | D:10     | Noticed a centaur warrior
 12181 | D:10     | Noticed a guardian serpent
 12193 | D:10     | Killed a guardian serpent
 12193 | D:10     | Reached skill level 1 in Armour
 12193 | D:10     | Reached XP level 10. HP: 56/82 MP: 3/18
 12422 | D:10     | Got a sheer robe
 12437 | D:9      | Identified the +1 robe "Depreabupoa" {rCorr Str-5 Int+8}
                  | (You found it on level 10 of the Dungeon)
 13509 | D:10     | Reached *** piety under Sif Muna
 13670 | D:10     | Reached skill level 1 in Invocations
 13766 | D:10     | Found a staircase to the Orcish Mines.
 14115 | D:10     | Killed a centaur warrior
 14115 | D:10     | Reached skill level 5 in Fighting
 14415 | Lair:1   | Entered Level 1 of the Lair of Beasts
 14796 | Lair:1   | Noticed a spiny frog
 14802 | Lair:1   | Killed a spiny frog
 14911 | Lair:1   | Noticed a black mamba
 14920 | Lair:1   | Killed a black mamba
 15379 | D:5      | Bought a +2 ring of slaying for 231 gold pieces
 15520 | Lair:1   | Reached skill level 5 in Invocations
 15520 | Lair:1   | Reached XP level 11. HP: 94/94 MP: 15/19
 16569 | Lair:2   | Found a staircase to the Swamp.
 16822 | Lair:2   | Found a runed translucent gate.
 16822 | Lair:2   | Found a runed translucent gate.
 16822 | Lair:2   | Found a runed translucent gate.
 16822 | Lair:2   | Noticed Suethroe's ghost (journeyman KoBe)
 16963 | Lair:2   | Found a staircase to the Snake Pit.
 17036 | Lair:2   | Noticed Sonja
 17039 | Lair:2   | Killed Sonja
 17174 | Lair:2   | Noticed Erica
 17191 | Lair:2   | Killed Erica
 17191 | Lair:2   | Reached skill level 5 in Dodging
 17582 | Lair:2   | Noticed Gastronok
 18126 | Lair:3   | Noticed a death yak
 18126 | Lair:3   | Noticed a death yak
 18126 | Lair:3   | Noticed a death yak
 18126 | Lair:3   | Noticed a death yak
 18323 | Lair:3   | Noticed a death yak
 18773 | Lair:3   | Noticed a death yak
 18787 | Lair:4   | Killed a death yak
 19351 | Lair:4   | Got a crude silver ring
 19352 | Lair:4   | Identified the ring of Gaohaesh {Fire Dex+4} (You found it
                  | on level 4 of the Lair of Beasts)
 19681 | Lair:3   | Killed a death yak
 20153 | Lair:3   | Noticed a seven-headed hydra
 20161 | Lair:3   | Killed a seven-headed hydra
 20161 | Lair:3   | Reached XP level 12. HP: 106/106 MP: 1/20
 20576 | Lair:4   | Killed a death yak
 21015 | Lair:4   | Noticed a six-headed hydra
 21028 | Lair:4   | Killed a six-headed hydra
 21475 | Lair:4   | Identified a scroll of acquirement
 21475 | Lair:4   | Identified the +0 pair of gloves of Satsokhex {rF+ MP+9}
                  | (You acquired it on level 4 of the Lair of Beasts)
 22278 | Lair:5   | Reached **** piety under Sif Muna
 22743 | Lair:5   | Found an opulent altar of Gozag.
 23084 | Lair:5   | Reached skill level 5 in Armour
 23719 | Lair:6   | Entered Level 6 of the Lair of Beasts
 23719 | Lair:6   | Noticed a five-headed hydra
 23771 | Lair:6   | Reached skill level 9 in Summonings
 23777 | Lair:6   | Killed a five-headed hydra
 23931 | Lair:6   | Found a staircase to the Slime Pits.
 24024 | Lair:6   | Gained mutation: You can use your snake-like lower body to
                  | constrict enemies. [Naga growth]
 24024 | Lair:6   | Reached XP level 13. HP: 92/117 MP: 11/22
 24995 | Lair:6   | Noticed Urug
 25009 | Lair:6   | Killed Urug
 25761 | Lair:6   | Reached skill level 10 in Summonings
 26698 | Lair:3   | Reached ***** piety under Sif Muna
 26706 | Lair:3   | Identified Sif Muna's Collected Works on Burning Attacks
                  | (Sif Muna gifted it to you on level 3 of the Lair of
                  | Beasts)
 26706 | Lair:3   | Received a gift from Sif Muna
 27574 | Orc:1    | Entered Level 1 of the Orcish Mines
 28739 | Orc:2    | Entered Level 2 of the Orcish Mines
 28867 | Orc:2    | Found a staircase to the Elven Halls.
 28867 | Orc:2    | Noticed an ettin
 28907 | Orc:2    | Slain by an ettin

Levels and vault maps discovered:
D:1:      matt_arrival_grand_opening, layout_loops_corners, minmay_heptomino_o4
D:2:      layout_rooms, serial_corexii_hall, corexii_hall_statues_i,
          corexii_hall_statues_s, chequers_hall_statues_y,
          corexii_hall_statues_i
D:3:      layout_basic, first_ration, skrybe_limestone_x, uniq_robin
D:4:      layout_cave_pools, serial_column_ruins, column_ruins_hut_ruined,
          column_ruins_circle_small, column_ruins_open_tiny_water,
          column_ruins_columns_straight, column_ruins_grid_1,
          column_ruins_open_tiny, column_ruins_open_medium, serial_shops,
          nicolae_shop_stone, minmay_shop_damaged
D:5:      layout_basic, grunt_temple_overflow_open, serial_shops,
          kennysheep_mini_moat, minmay_holes
D:6:      layout_gridville, lemuel_blue_sif_altar, nicolae_water_bricks,
          minivault_26, uniq_prince_ribbit1
D:7:      layout_basic, grunt_temple_overflow_forces_of_nature,
          kennysheep_little_box, minmay_temple_entry_arrows, serial_shops, shop
D:8:      layout_rooms, gammafunk_ghost_gnarly_gnolls,
          hangedman_little_slice_of_home
D:9:      layout_basic, gammafunk_temple_overflow_pools
D:10:     layout_stronghold, lair_entry_dummy, david_orc_4, st_stairs_13,
          nrook_guardian_serpent_double
Lair:1:   layout_regular_city
Lair:2:   layout_small_grid, minmay_swamp_entry_wisps,
          minmay_snake_entry_guardpost_large, gammafunk_ghost_necromancy,
          wad_woods_06, uniq_erica, uniq_gastronok, uniq_sonja
Lair:3:   layout_gridlike, lemuel_fruit_fields
Lair:4:   layout_layer_cave, grunt_megastairs_4
Lair:5:   layout_loops_ring, basic_altar, beast_lair_carwin_5,
          serial_bayou_shore_b, lemuel_fruit_tree
Lair:6:   grunt_lair_end_beastmaster, layout_regular_city,
          minmay_slime_entry_pillars, chequers_serial_rivers_small_3,
          grunt_megastairs_2, minmay_lair_oklob_chamber, uniq_urug
Orc:1:    layout_caves
Orc:2:    st_orc_open, layout_diamond_mine

Skill      XL: |  1  2  3  4  5  6  7  8  9 10 11 12 13 |
---------------+----------------------------------------+-----
Spellcasting   | 3 4 5 6 7 8 9 |  9.9
Summonings     | 5 6 7 8 9 10 | 10.0
Evocations     | 2 4 |  4.0
Air Magic      | 1 3 4 |  4.0
Ice Magic      | 2 4 |  4.0
Polearms       | 2 6 8 |  8.0
Fighting       | 2 5 6 8 |  8.0
Armour         | 1 4 5 7 |  7.8
Invocations    | 5 8 |  8.5
Dodging        | 2 5 |  5.1
Stealth        | |  3.0

Action                   |  1- 3 |  4- 6 |  7- 9 | 10-12 | 13-15 || total
-------------------------+-------+-------+-------+-------+-------++-------
Melee: Short sword       |    23 |       |       |       |       ||    23
       Hand axe          |    28 |   106 |    77 |       |       ||   211
       Whip              |       |     8 |       |       |       ||     8
       Tailslap          |       |     6 |    17 |    39 |    19 ||    81
       Trident           |       |       |   103 |       |       ||   103
       Demon trident     |       |       |    63 |       |       ||    63
       Spear             |       |       |    52 |   523 |   243 ||   818
       Constrict         |       |       |       |       |    31 ||    31
Throw: Dart              |       |       |       |       |     1 ||     1
 Cast: Summon Small Mamm |    11 |       |       |       |       ||    11
       Call Canine Famil |     5 |    18 |    43 |    87 |    47 ||   200
       Call Imp          |     2 |    11 |     8 |       |       ||    21
       Summon Lightning  |       |     1 |     4 |    14 |     9 ||    28
       Summon Ice Beast  |       |       |    24 |    88 |    34 ||   146
 Abil: Spit Poison       |    21 |    12 |    13 |       |       ||    46
Evoke: Wand              |       |       |     9 |     5 |     5 ||    19
       Phantom mirror    |       |       |       |     1 |       ||     1
  Use: Scroll            |       |    10 |    13 |    15 |       ||    38
       Potion            |       |     1 |     4 |     2 |     2 ||     9
 Stab: Sleeping          |     4 |     4 |     5 |     1 |     3 ||    17
       Distracted        |       |     1 |     5 |     3 |     5 ||    14
  Eat: Chunk             |     4 |    17 |    28 |    37 |    12 ||    98
Armor: Robe              |    13 |    58 |   132 |   192 |    82 ||   477
       Leather armour    |       |       |    27 |       |       ||    27
       Skin              |       |       |     6 |     2 |     9 ||    17
Dodge: Dodged            |    40 |    84 |    99 |   140 |   109 ||   472

Table legend:
 A = Non-vault XP
 B = Vault XP
 C = Vault XP percentage of total XP
 D = Non-vault monster count
 E = Vault monster count
 F = Vault count percentage of total count
                 A         B        C        D         E       F
            +---------+---------+-------+---------+---------+-------
      Total |   34762 |   14679 |  29.7 |     364 |     100 |  21.6
            +---------+---------+-------+---------+---------+-------
        D:1 |      62 |      12 |  16.2 |      37 |       7 |  15.9
        D:2 |      43 |       0 |   0.0 |      12 |       0 |   0.0
        D:3 |      72 |      21 |  22.6 |      18 |      12 |  40.0
        D:4 |     100 |       0 |   0.0 |       8 |       0 |   0.0
        D:5 |     491 |       0 |   0.0 |      17 |       0 |   0.0
        D:6 |     427 |     258 |  37.7 |      15 |       1 |   6.2
        D:7 |     198 |       0 |   0.0 |       6 |       0 |   0.0
        D:8 |     996 |      89 |   8.2 |      32 |       8 |  20.0
        D:9 |     917 |       0 |   0.0 |      23 |       0 |   0.0
       D:10 |    3682 |     817 |  18.2 |      42 |      18 |  30.0
     Lair:1 |    2777 |       0 |   0.0 |      22 |       0 |   0.0
     Lair:2 |    1538 |    2541 |  62.3 |      12 |      12 |  50.0
     Lair:3 |    6638 |       0 |   0.0 |      25 |       0 |   0.0
     Lair:4 |    4303 |     770 |  15.2 |      13 |       4 |  23.5
     Lair:5 |    6553 |    1103 |  14.4 |      36 |       5 |  12.2
     Lair:6 |    4397 |    9068 |  67.3 |      19 |      33 |  63.5
      Orc:1 |    1031 |       0 |   0.0 |      23 |       0 |   0.0
      Orc:2 |     537 |       0 |   0.0 |       4 |       0 |   0.0
            +---------+---------+-------+---------+---------+-------
